AoeStats
← Cuervo

MegaRandom

507636058Analyzed
4v4 RM · 12d ago on Sep 19, 2026· 33m 46s· 8 players
Game mode
Random Map
Map size
Large (8 player)
Population
200
Speed
Normal
Resources
Standard
Victory
Conquest
Starting age
Dark Age
Ending age
Imperial Age
RankedLock teamsTeams togetherTeam positionsShared explorationLock speedFull tech treeHidden civsTurbo modeCheats
Victory
Defeat
🇨🇱 Saracens · Chile
1098
+13
🇦🇷 Koreans · Argentina
1053
+15
🇦🇷 Franks · Argentina
1043
+15
🇦🇷 Vietnamese · Argentina
1028
+16
🇲🇽 Japanese · Mexico
1108
-18
🇲🇽 Persians · Mexico
1102
-18
🇲🇽 Mongols · Mexico
984
-13
🇲🇽 Romans · Mexico
893
-10
Machetekills135
0:29 Loom
8:30 Feudal Age
19:30 Castle Age
24:58 Fletching
30:38 Husbandry
30:48 Bloodlines
El tRuCho1320
2:17 Loom
9:31 Feudal Age
19:07 Castle Age
17:44 Horse Collar
19:22 Elite Skirmisher
22:56 Double-Bit Axe
24:01 Heavy Plow
24:01 Fletching
26:12 Bodkin Arrow
31:44 Bow Saw
34:36 Imperial Age
XGTIROMlllX
3:15 Loom
11:06 Feudal Age
15:53 Castle Age
18:11 Double-Bit Axe
18:31 Horse Collar
24:25 Heavy Plow
25:47 Bow Saw
26:12 Fletching
28:12 Gold Mining
28:59 Wheelbarrow
29:12 Padded Archer Armor
29:08 Bodkin Arrow
31:47 Hand Cart
rrfrancky
0:28 Loom
9:08 Feudal Age
10:58 Double-Bit Axe
10:55 Horse Collar
15:58 Castle Age
21:20 Bloodlines
27:40 Fletching
29:46 Forging
31:31 Town Watch
Cuervo
0:42 Loom
9:26 Feudal Age
10:39 Double-Bit Axe
13:33 Fletching
22:43 Castle Age
23:06 Crossbowman
23:51 Thumb Ring
23:43 Gold Mining
27:12 Wheelbarrow
30:11 Gold Shaft Mining
30:11 Elite Skirmisher
35:32 Imperial Age
33:18 Hand Cart
Zamba
9:02 Feudal Age
8:25 Loom
13:35 Castle Age
14:10 Double-Bit Axe
17:45 Scale Barding Armor
22:26 Chain Barding Armor
23:42 Husbandry
23:54 Forging
27:06 Iron Casting
27:53 Wheelbarrow
31:09 Fletching
35:46 Imperial Age
Gitu
0:47 Loom
9:50 Feudal Age
11:13 Double-Bit Axe
11:09 Horse Collar
11:21 Gold Mining
17:39 Fletching
20:49 Castle Age
20:17 Padded Archer Armor
21:08 Crossbowman
21:53 Thumb Ring
22:16 Bow Saw
22:10 Heavy Plow
26:07 Husbandry
26:18 Bloodlines
26:18 Scale Barding Armor
26:24 Forging
35:07 Imperial Age
VZ | Thyrfing
0:30 Loom
8:46 Feudal Age
9:52 Double-Bit Axe
17:07 Wheelbarrow
17:13 Fletching
21:21 Castle Age
19:20 Horse Collar
20:51 Padded Archer Armor
21:37 Crossbowman
22:15 Bodkin Arrow
22:16 Gold Mining
25:12 Leather Archer Armor
25:49 Hand Cart
29:34 Ballistics
30:01 Heavy Plow
30:28 Scale Barding Armor
32:25 Thumb Ring
Connection lost

Rejoining the realm…

Still unreachable

The connection could not be restored.

Session expired

The server has moved on; the page needs a fresh start.